 Dungeon Crawl Stone Soup version 0.29.1-15-g9cfb28693d (webtiles) character file.

Game seed: 15552095555247586080

107 H0rd4k the Charlatan (level 4, -5/28 (30) HPs)
             Began as an Octopode Artificer on Mar 6, 2023.
             Slain by a gnoll
             ... wielding a +0 flail
              (9 damage)
             ... on level 4 of the Dungeon.
             The game lasted 00:02:37 (3186 turns).

H0rd4k the Charlatan (Octopode Artificer)           Turns: 3186, Time: 00:02:38

HP:   -5/28 (30)    AC:  1    Str: 11    XL:     4   Next: 85%
MP:   7/7           EV: 13    Int: 15    God:
Gold: 183           SH:  0    Dex: 12    Spells: 5/7 levels left

rFire   . . .      SeeInvis .     - Unarmed
rCold   . . .      Faith    +   (no shield)
rNeg    . . .      Spirit   .   (helmet restricted)
rPois   .          Reflect  .   u - amulet of faith
rElec   .          Harm     .   (no ring)
rCorr   .          Rampage  .   (no ring)
Will    .....                   (no ring)
Stlth   +++.......              (no ring)
HPRegen 0.09/turn               (no ring)
MPRegen 0.10/turn               (no ring)
                                (no ring)
                                (no ring)

@: about to teleport, drained
A: almost no armour, amphibious, 8 rings, camouflage 1, gelatinous body 1,
(nimble swimmer 1), tentacles
a: no special abilities


You were on level 4 of the Dungeon.
You visited 1 branch of the dungeon, and saw 4 of its levels.

You collected 183 gold pieces.

Inventory:

Magical Staves
 e - a staff of air
Jewellery
 u - an amulet of faith (around mantle)
Wands
 b - a wand of flame (15) (quivered)
 c - a wand of charming (8)
 d - a wand of iceblast (9)
Scrolls
 a - 2 scrolls of amnesia {unknown}
 f - 2 scrolls of teleportation
 g - a scroll of butterflies {unknown}
 i - a scroll of poison {unknown}
 j - 2 scrolls of identify {unknown}
 l - 2 scrolls of brand weapon {unknown}
 n - 2 scrolls of noise {unknown}
 q - a scroll of vulnerability {unknown}
 s - a scroll of enchant weapon {unknown}
Potions
 h - a potion of degeneration {unknown}
 k - a potion of brilliance {unknown}
 m - 2 potions of curing {unknown}
 o - 2 potions of heal wounds {unknown}
 p - a potion of berserk rage {unknown}
 r - a potion of mutation {unknown}
 t - a potion of attraction {unknown}
 v - a potion of flight {unknown}


   Skills:
 * Level 2.6 Fighting
 - Level 2.3 Dodging
 - Level 1.3 Stealth
 + Level 2.3 Unarmed Combat
 * Level 2.0 Spellcasting
 - Level 3.2 Evocations


You had 5 spell levels left.
You knew the following spells:

 Your Spells              Type           Power      Damage    Failure   Level
a - Blink                 Tloc           2%         N/A       32%         2

Your spell library contained the following spells:

 Spells                   Type           Power      Damage    Failure   Level
 Apportation              Tloc           2%         N/A       22%         1
 Beastly Appendage        Tmut           2%         N/A       22%         1
 Necrotise                Necr           4%         1d4       22%         1
 Summon Small Mammal      Summ           4%         N/A       22%         1
 Wereblood                Tmut           1%         N/A       32%         2
 Spider Form              Tmut/Pois      1%         N/A       54%         3
 Manifold Assault         Tloc           1%         N/A       99%         5
 Storm Form               Tmut/Air       0%         N/A       100%        7


Dungeon Overview and Level Annotations

Branches:
Dungeon (4/15)
 Temple: D:4-7

Altars:
Sif Muna

Annotations:
D:3 exclusion: downstairs
D:4 Pikel


Innate Abilities, Weirdness & Mutations

You cannot wear most types of armour.
You are amphibious.
You can wear up to eight rings at the same time.
Your skin changes colour to match your surroundings (Stealth+).
Your rubbery body absorbs attacks. (AC +1, EV +1)
((You are camouflaged when in or above water. (Stealth+)))
You have tentacles for arms and can constrict up to eight enemies at once.


Message History

You tentacle-slap the dart slug.
You kill the dart slug!
The kobold throws a stone.
The stone closely misses you.
An orc comes into view. It is wielding a +0 hand axe.
You see here a dart slug corpse.
A gnoll comes into view. It is wielding a +0 flail.
The gnoll shouts!
Aiming: Charm
Press: ? - help, Shift-Dir - straight line, f - gnoll
Aim: a gnoll, wielding a +0 club (chance to affect: 66%)
The gnoll struggles to resist.
Unknown command.
Aiming: Charm
Press: ? - help, Shift-Dir - straight line, f/p - gnoll
Aim: a gnoll, wielding a +0 club (chance to affect: 66%)
The gnoll is charmed.
The kobold throws a stone.
The stone barely misses your gnoll. The stone barely misses you.
A gnoll comes into view. It is wielding a +0 spear.
Okay, then.
The kobold throws a stone.
The stone misses you. 2 lemures come into view.
The lemure shouts! x2; You hear a shout!
Pikel and a lemure come into view.
Pikel is wielding a +2 whip of freezing.
The kobold throws a stone.
The stone hits you.
A lemure comes into view. 2 orcs come into view.
Found a whip.
An orc comes into view. It is wielding a +0 flail.
As you read the scroll labelled LALEASOZX BACU, it crumbles to dust.
You feel strangely unstable.
It was a scroll of teleportation.
The orc shouts!
The orc hits you with a +0 hand axe. The orc closely misses your gnoll.
The gnoll closely misses you. The orc attacks as you move away!
The orc hits you with a +0 hand axe!
* * * LOW HITPOINT WARNING * * *
The orc barely misses your gnoll. The lemure attacks as you move away!
The lemure closely misses you. The gnoll attacks as you move away!
The gnoll hits you with a +0 flail!
You die...

...............#
.)..............#
....o.........)##
......o........#
...o..........##
.............†##
#..#...Kgg.....#
#.....og......#
##....@g......#
##...55......#
##..........#
#.5K......##
#...5......#
#..........#
#..........#
#..........#


You could see Pikel, 4 lemures, 3 gnolls, 4 orcs, a kobold and a friendly gnoll
(charmed).

Vanquished Creatures
  2 gnolls (D:2)
  2 adders (D:3)
  3 dart slugs
  An orc (D:4)
  4 endoplasms
  3 giant cockroaches
  5 goblins
  4 hobgoblins
  3 jackals (D:3)
  4 kobolds
  6 quokkas
  6 ball pythons
  5 bats
  A frilled lizard (D:1)
  7 rats
56 creatures vanquished.

Vanquished Creatures (others)
  A gnoll (D:2)
1 creature vanquished.

Grand Total: 57 creatures vanquished

Notes
Turn   | Place    | Note
-------+----------+-------------------------------------------
     0 | D:1      | H0rd4k the Octopode Artificer began the quest for the Orb.
     0 | D:1      | Reached XP level 1. HP: 13/13 MP: 1/1
   254 | D:1      | Reached XP level 2. HP: 4/18 MP: 1/3
   512 | D:1      | Reached skill level 1 in Spellcasting
   844 | D:1      | Reached XP level 3. HP: 24/24 MP: 4/4
  1142 | D:2      | Reached skill level 1 in Unarmed Combat
  1372 | D:2      | Reached XP level 4. HP: 30/30 MP: 6/6
  1505 | D:2      | Identified the +1 robe of Precision Catastrophes {Str+3
                  | Dex+4}
  2071 | D:3      | Found a faded altar of an unknown god.
  2227 | D:3      | Found a shimmering blue altar of Sif Muna.
  2646 | D:3      | Learned a level 2 spell: Blink
  2821 | D:4      | Noticed a necrophage
  3181 | D:4      | Noticed a lemure
  3181 | D:4      | Noticed a lemure
  3182 | D:4      | Noticed Pikel
  3182 | D:4      | Noticed a lemure
  3182 | D:4      | Noticed a lemure
  3186 | D:4      | Slain by a gnoll

Illustrated notes

Levels and vault maps discovered:
D:1:      dpeg_arrival_rooms_with_view, layout_loops_ring, kennysheep_crisscross
D:2:      layout_basic
D:3:      layout_basic, led_sif_pool, dreamdust_ecumenical_altar_sealed_demon
D:4:      layout_rooms, gammafunk_temple_overflow_claw,
          nicolae_tso_swordbearing_angel, uniq_pikel

Skill      XL: |  1  2  3  4 |
---------------+-------------+-----
Spellcasting   | 1 2 |  2.0
Fighting       | 2 |  2.6
Unarmed Combat | 1 2 |  2.3
Dodging        | |  2.3
Stealth        | |  1.3
Evocations     | |  3.2

Action                   |  1- 3 |  4- 6 || total
-------------------------+-------+-------++-------
Melee: Unarmed           |    75 |    51 ||   126
       Constrict         |    24 |    14 ||    38
       Tentacles         |    17 |    11 ||    28
       Punch             |       |     1 ||     1
Evoke: Wand              |     3 |     5 ||     8
  Use: Scroll            |       |     1 ||     1
 Stab: Sleeping          |    16 |     7 ||    23
Armor: Skin              |     3 |     6 ||     9
Dodge: Dodged            |    49 |    33 ||    82
